 Dungeon Crawl Stone Soup version 0.30-a0-626-gd6a5dd7a1f (webtiles) character file.

Game seed: 1146921102103953699

3774 funkygono the Arsonist (level 10, -1/52 HPs)
             Began as a Gargoyle Fire Elementalist on Jan 11, 2023.
             Was an Initiate of Vehumet.
             Killed from afar by an acid dragon (24 damage)
             ... with a splash of acid
             ... on level 9 of the Dungeon.
             The game lasted 00:15:49 (9736 turns).

funkygono the Arsonist (Gargoyle Fire Elementalist) Turns: 9736, Time: 00:15:49

Health: -1/52      AC: 16    Str: 12    XL:     10   Next: 16%
Magic:  16/21      EV: 12    Int: 29    God:    Vehumet [......]
Gold:   492        SH:  0    Dex: 10    Spells: 11/24 levels left

rFire   . . .      SeeInvis +    y - +5 flail (drain)
rCold   . . .      Faith    .    (no shield)
rNeg    + . .      Spirit   .    a - +0 robe
rPois   ∞          Reflect  .    n - +2 helmet {Int+3}
rElec   +          Harm     .    o - +2 cloak
rCorr   .          Rampage  .    (no gloves)
Will    .....                    p - +0 pair of boots
Stlth   ++                       (no amulet)
HPRegen 0.28/turn                F - ring "Idireif" {Fly AC+4 SInv}
MPRegen 0.17/turn                H - +6 ring of intelligence

@: corroded, flying, studying Axes
A: sickness immunity, AC +7, negative energy resistance 1, electricity
resistance, torment resistance 1, petrification resistance
a: Renounce Religion


You were on level 9 of the Dungeon.
You worshipped Vehumet.
Vehumet was noncommittal.
You visited 2 branches of the dungeon, and saw 10 of its levels.
You also visited: Ossuary.

You collected 492 gold pieces.

Inventory:

Hand Weapons
 f - a +0 whip
 k - a +0 flail
 q - a +4 quarterstaff of chaos
 y - a +5 flail of draining (weapon)
 E - a +1 whip of draining
 I - a +5 falchion
Armour
 a - a +0 robe (worn)
 i - a +0 leather armour
 n - a +2 helmet of intelligence (worn)
 o - a +2 cloak (worn)
 p - a +0 pair of boots (worn)
 B - a +2 ring mail of fire resistance
Magical Staves
 s - a staff of poison
Jewellery
 F - the ring "Idireif" (left hand) {Fly AC+4 SInv}
   (You found it on level 7 of the Dungeon)

   [ring of protection]

   AC:        It affects your AC (+4).
   SInv:      It lets you see invisible.
   Fly:       It grants you flight.
 H - a +6 ring of intelligence (right hand)
 J - a +6 ring of strength
Wands
 j - a wand of iceblast (6)
 l - a wand of digging (5)
 m - a wand of light (9)
 z - a wand of mindburst (19)
 A - a wand of flame (17)
Scrolls
 v - a scroll of fear
 x - 2 scrolls of teleportation
 D - a scroll of poison
 G - a scroll of silence
Potions
 b - a potion of magic
 c - 3 potions of mutation
 d - a potion of resistance
 e - 3 potions of invisibility
 g - 3 potions of might
 h - 5 potions of curing
 r - 4 potions of lignification
 t - 3 potions of flight
 u - a potion of ambrosia {unknown}
 w - 4 potions of haste
 C - a potion of heal wounds {unknown}


   Skills:
 + Level 1.3 Fighting
 + Level 3.8 Maces & Flails
 + Level 3.6 Dodging
 - Level 2.1 Stealth
 + Level 7.5 Spellcasting
 + Level 6.5 Conjurations
 + Level 8.9 Fire Magic


You had 11 spell levels left.
You knew the following spells:

 Your Spells              Type           Power      Damage    Failure   Level
a - Foxfire               Conj/Fire      100%       2x1d9     1%          1
b - Scorch                Fire           100%       2d10      1%          2
c - Kindle Blastsparks    Fire/Tloc/Air  56%        2d14      4%          3
d - Flame Wave            Conj/Fire      54%        2d13      1%          4
e - Stone Arrow           Conj/Erth      60%        3d10      3%          3

Your spell library contained the following spells:

 Spells                   Type           Power      Damage    Failure   Level
 Magic Dart               Conj           100%       1d8       1%          1
 Searing Ray              Conj           98%        2d8       1%          2
 Inner Flame              Hex/Fire       37%        N/A       2%          3
 Sandblast                Erth           20%        2d7       4%          1
 Passwall                 Tmut/Erth      8%         N/A       8%          2
 Fulminant Prism          Conj/Hex       15%        3d10      12%         4
 Iskenderun's Mystic Bla  Conj/Tloc      30%        2d8       12%         4
 Gell's Gravitas          Tloc           10%        N/A       14%         3
 Teleport Other           Tloc           10%        N/A       14%         3
 Lee's Rapid Deconstruct  Erth           5%         3d6*      80%         5
 Dispersal                Tloc           5%         N/A       100%        6


Dungeon Overview and Level Annotations

Branches:
Dungeon (9/15)             Temple (1/1) D:7            Lair (0/5) D:8
Ossuary (visited)
    Orc: D:9-12

Altars:
Ashenzari
Cheibriados
Dithmenos
Elyvilon
Fedhas
Gozag
Hepliaklqana
Kikubaaqudgha
Makhleb
Okawaru
Qazlal
Ru
Sif Muna
Trog
Uskayaw
Vehumet
Wu Jian
Xom
Yredelemnul
Zin
The Shining One

Shops:
D:2 ?   D:7 *   D:8 [

Annotations:
D:6 1 runed translucent door, ma3's ghost, amateur MfEn


Innate Abilities, Weirdness & Mutations

You are immune to sickness and miasma.
Your stone body is resilient. (AC +7)
You are immune to poison.
You resist negative energy. (rN+)
You are resistant to electric shocks. (rElec)
You are resistant to unholy torment.
You are immune to petrification.


Message History

What level of the Dungeon? (default 1, ? - help)
There is a stone staircase leading down here.
You fly downwards.
There is a stone staircase leading up here.
You reach down and open the large door.
An acid dragon and a hornet come into view.
The acid dragon roars!
The hornet buzzes angrily.
The acid dragon spits acid at you. The splash of acid hits you!
Found 11 gold pieces, a scroll of magic mapping and a wand of flame (11).
The hornet closely misses you.
Unknown command.
The hornet stings you!
Casting: Foxfire (safe; 1% risk of failure)
Confirm with . or Enter, or press ? or * to list all spells.
Casting: Flame Wave (dangerous; 1% risk of failure)
Press: ? - help, Dir - look around, f - activate A wave of flame ripples out!
The flame wave engulfs the hornet!!
The hornet is heavily wounded. (Press . to intensify the flame waves.)
The hornet stings you but does no damage.
The hornet stings you.
Unknown command.
A wave of flame ripples out!
The flame wave engulfs the hornet!
You kill the hornet!
Vehumet accepts your kill.
A wave of flame ripples out!
You finish channelling waves of flame.
The acid dragon spits acid at you. The splash of acid hits you!
The acid corrodes you!
Casting: Flame Wave (dangerous; 1% risk of failure)
Confirm with . or Enter, or press ? or * to list all spells.
You don't know that spell.
You completely miss the acid dragon. The acid dragon closely misses you.
The acid dragon claws you but does no damage.
You hit the acid dragon but do no damage.
The acid dragon barely misses you. The acid dragon misses you.
You closely miss the acid dragon. The acid dragon spits acid at you.
The splash of acid hits you!!
You die...

#######################
#......................
#..<.##########.#######
#....# ≈≈≈≈ #.# #....#
D.... #@# #....#
$....≈#D# #....#
......'.# #....#
......'.# #....#
....?≈#.# #....#
/....≈#.# ≈≈≈≈≈≈#.#
##### #.# ..#


You could see an acid dragon (catching breath).

Vanquished Creatures
  Grinder (D:4)
  A hornet (D:9)
  A steam dragon (D:7)
  A water moccasin (D:5)
  An orc warrior (D:7)
  A black bear (D:6)
  Duvessa (D:7)
  3 ice beasts
  A centaur (D:6)
  A phantom (D:5)
  3 bullfrogs
  A gnoll sergeant (D:8)
  5 scorpions
  4 wights (D:8)
  Dowan (D:7)
  6 killer bees (D:8)
  2 howler monkeys
  2 centaur zombies (Ossuary)
  5 jellies
  2 human zombies (Ossuary)
  Crazy Yiuf (D:4)
  4 orc priests
  A hound (D:7)
  Ijyb (D:4)
  7 iguanas
  10 orc wizards
  6 mummies
  Robin (D:2)
  10 adders
  4 gnolls
  A river rat (D:5)
  A shadow imp (D:8)
  2 white imps
  2 ufetubi
  A worm (D:2)
  A dart slug (D:2)
  23 orcs
  7 ball pythons
  12 endoplasms
  4 giant cockroaches
  A gnoll zombie (Ossuary)
  19 goblins
  6 hobgoblins
  4 quokkas
  6 bats (D:1)
  2 frilled lizards
  A hobgoblin zombie (Ossuary)
  5 kobolds
  2 kobold zombies
  2 orc zombies
  17 rats
207 creatures vanquished.

Vanquished Creatures (others)
  626 foxfires
  7 fungi (D:8)
  4 plants (D:8)
637 creatures vanquished.

Grand Total: 844 creatures vanquished

Notes
Turn   | Place    | Note
-------+----------+-------------------------------------------
     0 | D:1      | funkygono the Gargoyle Fire Elementalist began the quest
                  | for the Orb.
     0 | D:1      | Reached XP level 1. HP: 10/10 MP: 3/3
   154 | D:1      | Reached XP level 2. HP: 15/15 MP: 1/5
   235 | D:1      | Learned a level 2 spell: Scorch
   752 | D:1      | Reached XP level 3. HP: 19/19 MP: 3/6
   756 | D:1      | Learned a level 3 spell: Kindle Blastsparks
  1311 | D:2      | Noticed Robin
  1312 | D:2      | Reached XP level 4. HP: 24/24 MP: 1/7
  1404 | D:2      | Killed Robin
  1405 | D:2      | Reached skill level 4 in Fire Magic
  1797 | D:2      | Found Manaffee's Magic Scroll Shoppe.
  2255 | D:3      | You fall into a shaft and drop 2 floors!
  2255 | D:5      | Entered Level 5 of the Dungeon
  2283 | D:5      | Reached XP level 5. HP: 28/28 MP: 1/9
  2358 | D:5      | Found a sand-covered staircase.
  2396 | Ossuary  | Entered an ossuary
  2643 | Ossuary  | Reached skill level 5 in Fire Magic
  2643 | Ossuary  | Reached XP level 6. HP: 32/32 MP: 4/10
  2926 | Ossuary  | Reached skill level 1 in Maces & Flails
  3638 | D:5      | Noticed a water moccasin
  3642 | D:5      | Reached XP level 7. HP: 37/37 MP: 3/12
  3763 | D:5      | Found a hide-covered altar of Uskayaw.
  3937 | D:4      | Noticed Ijyb
  4008 | D:4      | Found an opulent altar of Gozag.
  4164 | D:4      | Noticed Grinder
  4189 | D:4      | Killed Grinder
  4190 | D:4      | Reached skill level 6 in Fire Magic
  4190 | D:4      | Reached XP level 8. HP: 42/42 MP: 2/15
  4386 | D:3      | Found a glowing golden altar of the Shining One.
  4775 | D:3      | Found a bloodstained altar of Trog.
  4792 | D:3      | Reached skill level 5 in Spellcasting
  4935 | D:3      | Learned a level 4 spell: Flame Wave
  4939 | D:3      | Learned a level 3 spell: Stone Arrow
  5007 | D:4      | Found a basalt altar of Yredelemnul.
  5229 | D:4      | Found a shadowy altar of Dithmenos.
  5349 | D:4      | Killed Ijyb
  5453 | D:4      | Found a runed translucent door.
  5454 | D:4      | Noticed Crazy Yiuf
  5628 | D:4      | Found a snail-covered altar of Cheibriados.
  5628 | D:4      | Found a stormy altar of Qazlal.
  5689 | D:4      | Killed Crazy Yiuf
  5909 | D:5      | Reached skill level 7 in Fire Magic
  6510 | D:6      | Reached skill level 1 in Fighting
  6649 | D:6      | Reached XP level 9. HP: 47/47 MP: 10/18
  6765 | D:6      | Reached skill level 5 in Conjurations
  6949 | D:6      | Found a runed translucent door.
  6950 | D:6      | Found a shimmering altar of Xom.
  6950 | D:6      | Noticed ma3's ghost (amateur MfEn)
  6952 | D:6      | Noticed a +2 rapier of chaos
  7078 | D:6      | Found a white marble altar of Elyvilon.
  7341 | D:7      | Found Gapuarph's Gadget Gallery.
  7347 | D:7      | Reached skill level 8 in Fire Magic
  7456 | D:7      | Noticed Dowan
  7456 | D:7      | Noticed Duvessa
  7460 | D:7      | Killed Dowan
  7469 | D:7      | Killed Duvessa
  8027 | D:7      | Identified the ring "Idireif" {Fly AC+4 SInv}
  8044 | D:7      | Found a staircase to the Ecumenical Temple.
  8050 | Temple   | Entered the Ecumenical Temple
  8078 | Temple   | Became a worshipper of Vehumet
  8921 | D:8      | Reached XP level 10. HP: 46/52 MP: 14/21
  9051 | D:8      | Found Zunism's Antique Armour Shoppe.
  9219 | D:8      | Found a staircase to the Lair.
  9736 | D:9      | Killed from afar by an acid dragon

Illustrated notes

Levels and vault maps discovered:
D:1:      dpeg_arrival_tiny_a, layout_rooms
D:2:      layout_loops_ring, serial_shops, shop, chequers_arboretum, uniq_robin
D:3:      layout_rooms, mainiacjoe_overflow_paths, mainiacjoe_overflow_chevrons,
          grunt_ministairs_1
D:4:      minmay_angry_zag, layout_loops_ring, gammafunk_temple_overflow_wave,
          amcnicky_altar_gilded, mainiacjoe_overflow_large_starburst,
          minmay_misc_feat_columns, minmay_manual_macuahuitl, uniq_ijyb,
          uniq_grinder, uniq_crazy_yiuf_cottage
D:5:      layout_loops_ring, mainiacjoe_overflow_small_starburst,
          gup_sewer_entry_spiral, nicolae_ossuary_entry_giza
D:6:      layout_rooms, elyvilon_altar_1, ebering_ghost_xom, st_stairs_12
D:7:      layout_rooms, minmay_temple_entry_butterflies, nicolae_shop_gadgets,
          uniq_duvessa
D:8:      layout_loops_corners, dpeg_oklobed_lair, serial_shops,
          kennysheep_little_box
D:9:      layout_long_grid, lemuel_doored_altar,
          mainiacjoe_overflow_tiny_flanked, biasface_ghost_orc_armoury,
          kennysheep_generic_room_6
Temple:   chequers_temple_sunken

Skill      XL: |  1  2  3  4  5  6  7  8  9 10 |
---------------+-------------------------------+-----
Conjurations   | 2 3 4 5 6 |  6.5
Fire Magic     | 4 5 6 7 8 |  8.9
Spellcasting   | 3 4 6 7 |  7.5
Maces & Flails | 1 2 3 |  3.8
Dodging        | 2 3 |  3.6
Fighting       | 1 |  1.3
Stealth        | |  2.1

Action                   |  1- 3 |  4- 6 |  7- 9 | 10-12 || total
-------------------------+-------+-------+-------+-------++-------
Melee: Whip              |     1 |    55 |       |       ||    56
       Flail             |       |       |    81 |    19 ||   100
       Punch             |       |       |     1 |       ||     1
 Cast: Foxfire           |    65 |    96 |   198 |     6 ||   365
       Scorch            |     1 |    16 |    33 |     1 ||    51
       Flame Wave        |       |       |     4 |     3 ||     7
       Stone Arrow       |       |       |     2 |       ||     2
  Use: Scroll            |       |     5 |    15 |     3 ||    23
 Stab: Sleeping          |       |       |     2 |       ||     2
Armor: Robe              |     3 |    29 |    47 |    11 ||    90
Dodge: Dodged            |    10 |    41 |    64 |    16 ||   131

Table legend: (Time is in decaauts)
 A = Elapsed time spent in this place.
 B = Non-inter-level travel time spent in this place.
 C = Inter-level travel time spent in this place.
 D = Time resting spent in this place.
 E = Time spent auto-exploring this place.
 F = Levels seen in this place.
 G = Mean time per level.
                   A        B        C        D        E       F      G
               +--------+--------+--------+--------+--------+-----+--------+
         Total |   9852 |   9598 |    254 |    961 |   6923 |  11 |  895.6 |
       Dungeon |   8938 |   8717 |    221 |    961 |   6221 |   9 |  993.1 |
        Temple |    266 |    233 |     33 |      0 |    215 |   1 |  266.0 |
       Ossuary |    647 |    647 |      0 |      0 |    487 |   1 |  647.0 |
               +--------+--------+--------+--------+--------+-----+--------+

Top non-repeatable levels by time:
     D:5: 1787 daAuts
     D:8: 1318 daAuts
     D:1: 1265 daAuts
     D:4: 1182 daAuts
     D:2: 962 daAuts
     D:6: 844 daAuts
     D:7: 835 daAuts
     D:3: 711 daAuts
 Ossuary: 647 daAuts
  Temple: 266 daAuts
     D:9: 30 daAuts
